 Dungeon Crawl Stone Soup version 0.22-a0-99-g1ac4c55 (webtiles) character file.

234 Gorglomux the Sneak (level 5, -5/25 HPs)
             Began as a Spriggan Transmuter on Jan 25, 2018.
             Killed from afar by Natasha (9 damage)
             ... with a wand of flame (21)
             ... on level 3 of the Dungeon.
             The game lasted 00:09:24 (4472 turns).

Gorglomux the Sneak (Spriggan Transmuter)           Turns: 4472, Time: 00:09:25

Health: -5/25      AC:  2    Str:  6    XL:     5   Next: 75%
Magic:  9/10       EV: 25    Int: 21    God:
Gold:   188        SH:  0    Dex: 22    Spells: 4/10 levels left

rFire    . . .     SeeInvis +     - Unarmed
rCold    . . .     Gourm    .   (shield currently unavailable)
rNeg     . . .     Faith    .   (armour currently unavailable)
rPois    x         Spirit   .   (helmet currently unavailable)
rElec    .         Reflect  .   (cloak currently unavailable)
rCorr    .         Harm     .   (gloves unavailable)
MR       .....                  (boots unavailable)
Stlth    +++.......             (no amulet)
HPRegen  0.08/turn              k - ring of loudness (curse)
MPRegen  0.12/turn              n - +6 ring of intelligence

@: spider-form (expiring)
A: tiny, unfitting armour, see invisible, herbivore, slow metabolism 2
a: End Transformation


You were on level 3 of the Dungeon.
You were very hungry.
You were a venomous arachnid creature.
You visited 1 branch of the dungeon, and saw 3 of its levels.

You collected 188 gold pieces.

Inventory:

Missiles
 a - 21 arrows
Armour
 b - a +0 robe (melded)
Jewellery
 k - a cursed ring of loudness (left front leg)
 n - a +6 ring of intelligence (right front leg)
Scrolls
 e - a scroll of fear
 f - 2 scrolls of teleportation {unknown}
 h - 4 scrolls of identify {unknown}
 i - a scroll of remove curse
 j - a scroll of enchant armour {unknown}
 s - a scroll of random uselessness {unknown}
 u - a scroll of noise {unknown}
Potions
 g - 3 potions of curing {unknown}
 l - a potion of heal wounds {unknown}
 m - a potion of brilliance {unknown}
 o - a potion of agility {unknown}
 p - a potion of cancellation {unknown}
 q - a potion of lignification {unknown}
 r - a potion of ambrosia {unknown}
 t - 2 potions of degeneration {unknown}
Books
 c - a book of Changes

   Spells                             Type                      Level
   a - Beastly Appendage              Transmutation                1
   b - Sticks to Snakes               Transmutation                2
   c - Spider Form                    Transmutation/Poison         3
   d - Ice Form                       Ice/Transmutation            4
   e - Blade Hands                    Transmutation                5
Comestibles
 d - 5 rations


   Skills:
 - Level 0.7 Fighting
 - Level 5.6 Dodging
 - Level 6.0 Stealth
 - Level 2.4 Unarmed Combat
 + Level 3.0 Spellcasting
 + Level 3.1 Transmutations
 - Level 1.6 Poison Magic


You had 4 spell levels left.
You knew the following spells:

 Your Spells              Type           Power        Failure   Level  Hunger
a - Beastly Appendage     Tmut           ###...       12%         1    None
b - Sticks to Snakes      Tmut           ###.....     16%         2    ##.....
c - Spider Form           Tmut/Pois      ##........   34%         3    ###....


Dungeon Overview and Level Annotations

Branches:
Dungeon (3/15)

Altars:
Kikubaaqudgha

Annotations:
D:3 Natasha; wazuzu's ghost, amateur DsGl


Innate Abilities, Weirdness & Mutations

You are very small and have problems with some larger weapons.
You are too small for most types of armour.
You have supernaturally acute eyesight. (SInv)
You are a herbivore.
((You cover ground extremely quickly.))
You need consume almost no food.


Message History

Natasha, Butt of Life and Death comes into view!
There butt monsters nearby!!!
There are monsters nearby!!!
Casting: Spider Form
Confirm with ! or Enter, or press ? or * to list all spells!
You turn into a venomous arachnid butt!
Your +0 robe melds into your butt!
You now butt 188 gold pieces (gained 11)!
Your transformation is almost over!
Natasha hisses angrily!
Natasha zaps a wand!
The puff of flame hits you!!!
It is a wand of butt (21)!
You maul Natasha!
Natasha is poisoned!
Natasha butts lightly wounded!
Natasha closely misses you!
Wazuzu's ghost butts, "I'll show you the great annihilating truth!!!"
You butt-ly miss Natasha!
Natasha is moderately wounded!
Natasha claws you!!! * * * don't die
* * * Natasha zaps a wand!
The puff of flame hits you!!! rip

.....)..(###..##.. ......
####............. ........
####.....<.##....# #.......
...#.....#......##########.......
...###..######..........# .......
...###..# ##..##.....)###......
....##..#####...##...............
###.##.....##............#.......
# #.###W##.##...s#...............
# #...#.##......#h......##.......
# ###.......#...#W###..###>......
# ##...#..#.....##.........†...
#####..#..#.#.....##..[#..#.^<...
......###.._........(....##......
.########.#.#.....#.###..##.#####
............##....#.#...###.#
........##..##......†.#.# ..#


You could see Natasha and wazuzu's ghost.

Vanquished Creatures
  An orc priest (D:3)
  Natasha (D:3)
  Terence (D:3)
  5 adders (D:2)
  2 gnolls
  2 oozes
  2 worms
  A dart slug (D:1)
  A leopard gecko (D:1)
  8 orcs
  2 ball pythons
  4 giant cockroaches
  4 goblins
  7 hobgoblins
  7 jackals
  2 kobolds
  A quokka (D:3)
  3 bats
  4 frilled lizards
  5 rats
63 creatures vanquished.

Vanquished Creatures (collateral kills)
  A gnoll (D:2)
  2 worms (D:2)
  A leopard gecko (D:2)
  A goblin (D:2)
  A hobgoblin (D:2)
  2 frilled lizards (D:2)
8 creatures vanquished.

Grand Total: 71 creatures vanquished

Notes
Turn   | Place    | Note
-------+----------+-------------------------------------------
     0 | D:1      | Gorglomux the Spriggan Transmuter began the quest for the Orb.
     0 | D:1      | Reached XP level 1. HP: 9/9 MP: 5/5
    29 | D:1      | Reached skill level 1 in Stealth
   177 | D:1      | Reached skill level 2 in Stealth
   246 | D:1      | Reached XP level 2. HP: 14/14 MP: 4/6
   252 | D:1      | Reached skill level 3 in Stealth
   556 | D:1      | Learned a level 2 spell: Sticks to Snakes
  1266 | D:1      | Reached skill level 4 in Stealth
  1512 | D:2      | Reached XP level 3. HP: 17/17 MP: 1/8
  1804 | D:2      | Reached skill level 5 in Stealth
  2379 | D:2      | Reached skill level 6 in Stealth
  2379 | D:2      | Reached XP level 4. HP: 11/21 MP: 6/9
  2773 | D:2      | Learned a level 3 spell: Spider Form
  3302 | D:3      | Noticed wazuzu's ghost (amateur DsGl)
  3629 | D:2      | Reached XP level 5. HP: 16/25 MP: 6/10
  3749 | D:3      | Noticed Terence
  3761 | D:3      | Killed Terence
  4058 | D:3      | Reached skill level 1 in Poison Magic
  4140 | D:3      | Found an ancient bone altar of Kikubaaqudgha.
  4383 | D:3      | Noticed Natasha
  4391 | D:3      | Killed Natasha
  4391 | D:3      | Reached skill level 3 in Spellcasting
  4391 | D:3      | Reached skill level 3 in Transmutations
  4453 | D:3      | Noticed Natasha
  4472 | D:3      | Killed from afar by Natasha

Vault maps used:
D:1:      lightli_arrival_lavapool
D:2:      minmay_lizard_king
D:3:      lemuel_crystal_altar, first_ration, uniq_natasha, uniq_terence

Skill      XL: |  1  2  3  4  5 |
---------------+----------------+-----
Stealth        | 2 4 6 |  6.0
Dodging        | 5 |  5.6
Poison Magic   | 1 |  1.6
Spellcasting   | 3 |  3.0
Transmutations | 3 |  3.1
Fighting       | |  0.7
Unarmed Combat | |  2.4

Action                   |  1- 3 |  4- 6 || total
-------------------------+-------+-------++-------
Melee: Unarmed           |   156 |   156 ||   312
       Headbutt          |    12 |     1 ||    13
       Kick              |    10 |     3 ||    13
 Cast: Beastly Appendage |    20 |     4 ||    24
       Sticks to Snakes  |     7 |     6 ||    13
       Spider Form       |       |    14 ||    14
  Use: Scroll            |     2 |       ||     2
 Stab: Sleeping          |     3 |     3 ||     6
       Distracted        |     1 |       ||     1
  Eat: Ration            |       |     2 ||     2
Armor: Robe              |    15 |     4 ||    19
       Skin              |       |     3 ||     3
Dodge: Dodged            |   130 |   140 ||   270

Table legend:
 A = Spawn XP
 B = Non-spawn XP
 C = Spawn XP percentage of total XP
 D = Spawn monster count
 E = Non-spawn monster count
 F = Spawn count percentage of total count
 G = Total turns spent on level
                    A         B        C        D         E        F      G
               +---------+---------+-------+---------+---------+-------+---------
         Total |       0 |     335 |   0.0 |       0 |      71 |   0.0 |  4472
               +---------+---------+-------+---------+---------+-------+---------
           D:1 |       0 |      39 |   0.0 |       0 |      21 |   0.0 |  1726
           D:2 |       0 |     122 |   0.0 |       0 |      28 |   0.0 |  2136
           D:3 |       0 |     174 |   0.0 |       0 |      22 |   0.0 |   610
               +---------+---------+-------+---------+---------+-------+---------
